AoeStats
← frankiejai

Arabia

507295034Analyzed
4v4 RM · 14d ago on Sep 17, 2026· 55m 14s· 8 players
Game mode
Random Map
Map size
Large (8 player)
Population
200
Speed
Normal
Resources
Standard
Victory
Conquest
Starting age
Dark Age
Ending age
Imperial Age
RankedLock teamsTeams togetherTeam positionsShared explorationLock speedFull tech treeHidden civsTurbo modeCheats
Victory
Defeat
🇩🇪 Portuguese · Germany
1034
+15
🇵🇪 Mongols · Peru
929
+19
🇺🇸 Chinese · United States
911
+20
🇨🇱 Vietnamese · Chile
905
+20
🇹🇼 Persians · Taiwan
1029
-20
🇳🇿 Bohemians · New Zealand
1016
-19
🇺🇸 Mongols · United States
981
-18
🇺🇸 Ethiopians · United States
960
-17
asaenzb16_1
5:02 Loom
10:29 Feudal Age
10:48 Man-at-Arms
15:27 Double-Bit Axe
17:20 Wheelbarrow
16:32 Horse Collar
24:04 Fletching
37:20 Castle Age
35:39 Gold Mining
36:50 Stone Mining
37:24 Padded Archer Armor
38:57 Bow Saw
40:25 Heavy Plow
41:24 Bodkin Arrow
41:48 Leather Archer Armor
42:52 Hand Cart
42:49 Thumb Ring
51:06 Imperial Age
49:27 Ballistics
49:22 Husbandry
49:33 Bloodlines
50:22 Light Cavalry
52:18 Conscription
53:01 Gold Shaft Mining
52:24 Elite Mangudai
54:52 Chemistry
54:26 Bracer
Bubusauger
10:36 Feudal Age
9:56 Loom
15:15 Castle Age
13:17 Horse Collar
14:00 Double-Bit Axe
16:20 Bow Saw
16:10 Heavy Plow
16:24 Stone Mining
20:29 Wheelbarrow
23:33 Gold Mining
24:22 Fletching
26:01 Town Watch
27:14 Hand Cart
29:54 Imperial Age
30:13 Elite Organ Gun
31:55 Chemistry
31:16 Ballistics
31:19 Arquebus
32:42 Conscription
32:19 Bodkin Arrow
35:08 Crop Rotation
35:17 Padded Archer Armor
36:27 Town Patrol
37:28 Two-Man Saw
38:03 Leather Archer Armor
38:28 Siege Engineers
40:12 Ring Archer Armor
43:13 Bodkin Arrow
44:36 Bracer
44:52 Scale Barding Armor
44:58 Forging
45:22 Cavalier
46:02 Husbandry
46:13 Bloodlines
47:35 Light Cavalry
GdM_DR. TV
9:23 Feudal Age
9:53 Double-Bit Axe
10:17 Horse Collar
18:31 Castle Age
20:02 Bow Saw
20:53 Scale Barding Armor
20:49 Light Cavalry
21:40 Bloodlines
21:52 Heavy Plow
24:54 Husbandry
25:09 Fletching
26:51 Wheelbarrow
28:13 Chain Barding Armor
28:30 Loom
29:58 Hand Cart
31:36 Forging
30:53 Elite Skirmisher
32:27 Bodkin Arrow
32:35 Padded Archer Armor
33:32 Thumb Ring
34:00 Gold Mining
34:39 Leather Archer Armor
35:00 Bodkin Arrow
35:56 Heated Shot
36:29 Ballistics
41:28 Imperial Age
41:09 Forging
41:37 Heavy Cavalry Archer
41:45 Imperial Skirmisher
42:31 Heated Shot
43:45 Chemistry
43:55 Two-Man Saw
43:36 Chatras
44:05 Paper Money
45:17 Ring Archer Armor
44:47 Bracer
46:38 Plate Barding Armor
47:54 Iron Casting
47:51 Siege Engineers
49:55 Pikeman
51:01 Cavalier
52:34 Murder Holes
frankiejai
0:38 Loom
11:52 Feudal Age
12:24 Double-Bit Axe
12:29 Horse Collar
22:37 Castle Age
20:38 Stone Mining
20:40 Gold Mining
21:25 Fletching
22:37 Padded Archer Armor
22:53 Crossbowman
24:16 Bow Saw
25:25 Bodkin Arrow
33:32 Imperial Age
32:30 Wheelbarrow
31:41 Town Watch
33:08 Leather Archer Armor
33:04 Forging
32:18 Pikeman
32:59 Squires
34:04 Gold Shaft Mining
34:23 Bracer
35:51 Elite Skirmisher
37:53 Conscription
38:19 Ring Archer Armor
37:40 Imperial Skirmisher
41:29 Iron Casting
42:26 Stone Shaft Mining
44:20 Hand Cart
46:58 Elite Chu Ko Nu
47:51 Sappers
48:50 Thumb Ring
50:56 Scale Mail Armor
54:13 Fortified Wall
54:17 Masonry
55:36 Ballistics
56:20 Chemistry
55:49 Caravan
Alaresun
5:21 Loom
11:47 Feudal Age
12:31 Double-Bit Axe
12:38 Gold Mining
13:45 Fletching
13:55 Padded Archer Armor
13:42 Horse Collar
18:34 Wheelbarrow
20:16 Stone Mining
23:49 Castle Age
24:19 Crossbowman
24:57 Bodkin Arrow
25:47 Thumb Ring
26:27 Bow Saw
26:22 Murder Holes
26:56 Hand Cart
31:34 Ballistics
31:23 Heavy Plow
32:05 Leather Archer Armor
39:48 Imperial Age
38:33 Caravan
40:31 Bracer
41:13 Ring Archer Armor
40:11 Arbalester
41:06 Siege Engineers
42:28 Gold Shaft Mining
42:48 Onager
43:02 Elite Skirmisher
45:07 Chemistry
44:23 Capped Ram
45:39 Town Watch
47:33 Two-Man Saw
47:08 Conscription
50:16 Scale Mail Armor
50:27 Forging
50:53 Squires
50:13 Halberdier
50:39 Arson
51:13 Chain Mail Armor
50:59 Elite Shotel Warrior
tommy bobbins
9:56 Feudal Age
14:05 Castle Age
12:17 Double-Bit Axe
13:03 Horse Collar
13:25 Stone Mining
14:08 Gold Mining
16:02 Fletching
21:44 Wheelbarrow
25:06 Ballistics
26:17 Bodkin Arrow
28:12 Padded Archer Armor
29:06 Murder Holes
30:58 Leather Archer Armor
32:49 Gold Shaft Mining
33:02 Hand Cart
33:52 Bloodlines
33:42 Husbandry
34:19 Thumb Ring
40:01 Imperial Age
39:37 Stone Shaft Mining
39:20 Bow Saw
39:14 Heavy Plow
39:35 Loom
41:25 Bracer
40:48 Light Cavalry
42:20 Scale Barding Armor
42:26 Forging
42:34 Hussar
44:07 Conscription
47:37 Chain Barding Armor
47:52 Iron Casting
49:45 Elite Mangudai
53:26 Blast Furnace
yang
6:40 Loom
8:49 Feudal Age
24:05 Castle Age
22:47 Double-Bit Axe
22:44 Horse Collar
23:49 Scale Barding Armor
25:35 Bloodlines
25:37 Forging
28:41 Iron Casting
29:54 Husbandry
30:48 Wheelbarrow
31:54 Chain Barding Armor
31:59 Bow Saw
32:43 Husbandry
37:37 Fletching
44:48 Town Watch
46:40 Light Cavalry
47:50 Heavy Plow
EmmaZNZ
8:49 Loom
10:35 Feudal Age
15:17 Castle Age
13:22 Double-Bit Axe
15:11 Scale Barding Armor
17:45 Fervor
20:22 Sanctity
26:12 Chemistry
27:18 Bow Saw
27:34 Horse Collar
28:44 Wheelbarrow
31:59 Hand Cart
31:31 Town Watch
34:31 Imperial Age
31:36 Pikeman
32:17 Scale Mail Armor
34:54 Squires
35:09 Chain Mail Armor
35:22 Forging
35:43 Heavy Plow
35:24 Halberdier
36:35 Plate Mail Armor
36:29 Conscription
37:02 Husbandry
37:33 Cavalier
40:00 Iron Casting
41:59 Siege Engineers
44:13 Two-Man Saw
44:04 Chain Barding Armor
43:28 Light Cavalry
46:01 Blast Furnace
45:40 Town Patrol
47:24 Caravan
48:44 Ballistics
52:03 Wagenburg Tactics
51:43 Elite Skirmisher
52:14 Fletching
54:41 Bodkin Arrow
Connection lost

Rejoining the realm…

Still unreachable

The connection could not be restored.

Session expired

The server has moved on; the page needs a fresh start.